AoeStats
← NuMa | Gacha

African Clearing

505123439Analyzed
3v3 RM · 26d ago on Sep 7, 2026· 68m 50s· 6 players
Game mode
Random Map
Map size
Normal (6 player)
Population
200
Speed
Normal
Resources
Standard
Victory
Conquest
Starting age
Dark Age
Ending age
Imperial Age
RankedLock teamsTeams togetherTeam positionsShared explorationLock speedFull tech treeHidden civsTurbo modeCheats
Victory
Defeat
🇨🇦 Vietnamese · Canada
1145
+11
🇨🇴 Italians · Colombia
1021
+16
🇨🇴 Japanese · Colombia
708
+28
1071
-20
🇧🇷 Huns · Brazil
1007
-18
🇧🇷 Slavs · Brazil
982
-17
[GG] Raúl González Blanco
5:31 Loom
13:47 Feudal Age
14:34 Town Watch
17:19 Bloodlines
22:32 Castle Age
29:40 Fletching
34:47 Bodkin Arrow
34:58 Scale Barding Armor
34:53 Padded Archer Armor
39:56 Imperial Age
39:35 Kamandaran
42:04 Chemistry
45:28 Crossbowman
46:45 Cavalier
49:33 Husbandry
51:15 Chain Barding Armor
52:43 Thumb Ring
55:24 Leather Archer Armor
55:19 Forging
57:13 Double-Bit Axe
58:37 Iron Casting
58:04 Scale Mail Armor
58:24 Bow Saw
[GG] Shevchenko 7
4:01 Loom
12:49 Feudal Age
17:07 Scale Barding Armor
20:20 Castle Age
20:50 Forging
31:37 Padded Archer Armor
31:28 Fletching
34:10 Sanctity
34:54 Husbandry
35:54 Light Cavalry
37:34 Elite Skirmisher
38:39 Chain Barding Armor
38:54 Iron Casting
38:50 Bodkin Arrow
43:56 Imperial Age
42:50 Bloodlines
47:31 Leather Archer Armor
48:03 Plate Barding Armor
48:29 Blast Furnace
49:40 Cavalier
51:43 Bracer
51:44 Scale Mail Armor
54:16 Ballistics
54:47 Hussar
57:15 Wheelbarrow
58:45 Chain Mail Armor
62:11 Hand Cart
[GG] Ibrahimovic
10:42 Loom
17:14 Feudal Age
17:38 Horse Collar
17:45 Double-Bit Axe
17:48 Town Watch
22:50 Forging
22:42 Padded Archer Armor
25:59 Bloodlines
31:50 Castle Age
30:26 Wheelbarrow
30:51 Scale Mail Armor
30:58 Scale Barding Armor
30:27 Man-at-Arms
32:26 Pikeman
32:28 Long Swordsman
33:09 Squires
33:57 Bow Saw
33:49 Heavy Plow
34:36 Leather Archer Armor
36:21 Hand Cart
37:47 Masonry
38:22 Town Patrol
39:11 Ballistics
41:47 Iron Casting
41:42 Chain Mail Armor
47:21 Imperial Age
45:04 Gold Mining
48:41 Plate Mail Armor
49:12 Blast Furnace
49:19 Two-Man Saw
48:26 Halberdier
48:27 Two-Handed Swordsman
50:50 Crop Rotation
53:04 Champion
56:45 Ring Archer Armor
63:09 Fletching
64:46 Bodkin Arrow
65:59 Chemistry
64:56 Murder Holes
65:07 Siege Engineers
NikolastrA
9:16 Loom
17:03 Feudal Age
18:10 Man-at-Arms
19:17 Double-Bit Axe
22:11 Town Watch
26:37 Castle Age
25:18 Horse Collar
29:39 Squires
30:14 Pikeman
33:00 Forging
32:50 Scale Mail Armor
33:09 Gambesons
38:55 Bow Saw
43:39 Imperial Age
41:39 Fletching
41:56 Husbandry
42:06 Padded Archer Armor
43:25 Wheelbarrow
44:09 Heavy Plow
45:42 Iron Casting
45:15 Scale Barding Armor
45:37 Elite Skirmisher
46:51 Bodkin Arrow
51:38 Two-Man Saw
54:26 Blast Furnace
54:01 Imperial Skirmisher
54:24 Light Cavalry
55:15 Bloodlines
55:45 Leather Archer Armor
56:58 Chain Mail Armor
56:44 Stone Mining
56:44 Gold Mining
57:56 Chain Barding Armor
58:34 Plate Mail Armor
58:05 Bracer
59:19 Conscription
59:19 Long Swordsman
60:52 Gold Shaft Mining
60:14 Two-Handed Swordsman
63:16 Hand Cart
63:03 Town Patrol
62:52 Elite Samurai
63:23 Halberdier
65:36 Yasama
67:17 Kataparuto
67:03 Caravan
67:43 Hoardings
66:45 Cavalier
NuMa | Gacha
8:21 Loom
13:55 Feudal Age
15:45 Double-Bit Axe
18:32 Castle Age
17:18 Stone Mining
18:55 Gold Mining
19:56 Bow Saw
26:09 Wheelbarrow
25:23 Town Watch
26:12 Fletching
27:17 Hand Cart
28:32 Ballistics
32:06 Bodkin Arrow
32:12 Padded Archer Armor
37:02 Imperial Age
35:51 Leather Archer Armor
37:58 Stone Shaft Mining
38:52 Conscription
37:57 Elite Genoese Crossbowman
40:23 Chemistry
39:35 Bracer
40:05 Ring Archer Armor
47:55 Forging
47:52 Scale Barding Armor
50:26 Chain Barding Armor
50:42 Iron Casting
50:20 Bloodlines
49:31 Cavalier
51:27 Husbandry
56:31 Plate Barding Armor
56:10 Town Patrol
56:13 Light Cavalry
57:13 Hussar
59:36 Blast Furnace
59:23 Crossbowman
60:18 Thumb Ring
60:08 Arbalester
68:42 Pirotechnia
68:41 Scale Mail Armor
Burgoman2
13:06 Loom
13:15 Loom
15:01 Feudal Age
20:07 Castle Age
23:28 Double-Bit Axe
30:40 Fletching
32:28 Town Watch
37:06 Bodkin Arrow
41:48 Wheelbarrow
40:59 Horse Collar
42:58 Hand Cart
44:32 Bow Saw
48:05 Imperial Age
46:03 Scale Mail Armor
47:30 Squires
48:39 Forging
48:11 Elite Fire Lancer
49:34 Town Patrol
50:24 Thumb Ring
50:37 Chain Mail Armor
51:13 Padded Archer Armor
52:02 Ballistics
51:55 Gold Mining
51:43 Capped Ram
52:52 Paper Money
53:27 Plate Mail Armor
54:26 Iron Casting
54:18 Bracer
54:33 Leather Archer Armor
55:48 Chemistry
55:08 Heavy Plow
56:09 Two-Man Saw
55:02 Stone Mining
57:18 Arson
58:05 Ring Archer Armor
63:10 Elite Rattan Archer
Connection lost

Rejoining the realm…

Still unreachable

The connection could not be restored.

Session expired

The server has moved on; the page needs a fresh start.